 Dungeon Crawl Stone Soup version 0.20-a0-1078-g4874019 (webtiles) character file.

498342 JeffiDaFish the Slayer (level 24, -4/117 HPs)
             Began as a Gargoyle Fighter on Apr 30, 2017.
             Was the Champion of Okawaru.
             Slain by a thrashing horror (6 damage)
             ... while paralysed by accursed screaming
             ... on level 2 of the Abyss.
             The game lasted 02:03:06 (43370 turns).

JeffiDaFish the Slayer (Gargoyle Fighter)          Turns: 43370, Time: 02:03:07

Health: -4/117     AC: 51    Str: 36      XL:     24   Next: 86%
Magic:  14/14      EV:  2    Int: 10      God:    Okawaru [******]
Gold:   5366       SH:  0    Dex: 30 (31) Spells: 16/23 levels left

rFire    + . .     SeeInvis .   v - +6 morningstar (vamp)
rCold    + + +     Gourm    .   d - +5 shield {rC+}
rNeg     + . .     Faith    .   F - +5 plate armour of Indomitability {Dex+5}
rPois    ∞         Spirit   .   D - +2 hat
rElec    +         Reflect  .   E - scarf "Jarori Bakki" {Str+2 Dex+7}
rCorr    .         Harm     .   l - +2 pair of gloves
MR       +....     Rnd*Rage +   O - +2 pair of boots of Absence {Str+6}
Stlth    ..........             G - amulet "Cyv Caol" {+Blink rC+++ Regen+ MP-9 Int-2}
Regen    0.7/turn               T - +5 ring of evasion
MPRegen  0.2/turn               N - ring "Ywiotisch" {Fire Str+5}

@: paralysed, about to teleport, flying, very slightly contaminated
A: antennae 1, big wings, agile 1, berserk 1, blurry vision 1, [deterioration
1], frail 1[+2], negative energy resistance 1, electricity resistance, strong 1,
unbreathing, petrification resistance, rot immunity, AC +17
}: 3/15 runes: serpentine, barnacled, silver
a: Stop Flying, Heroism, Finesse, Renounce Religion, Evoke Blink


You were on level 2 of the Abyss.
You worshipped Okawaru.
Okawaru was exalted by your worship.
You were very hungry.

You visited 8 branches of the dungeon, and saw 40 of its levels.
You visited the Abyss 5 times.
You visited 1 bazaar.
You also visited: Bailey and Ice Cave.

You collected 6373 gold pieces.
You spent 1007 gold pieces at shops.

Inventory:

Hand Weapons
 m - a +3 demon whip of electrocution
 v - a +6 vampiric morningstar (weapon)
 P - the +8 eveningstar of Popular Demand {freeze, rElec rN+ Int-4 Stlth+}
   (Okawaru gifted it to you on level 3 of the Snake Pit)

   It has been specially enchanted to freeze those struck by it, causing extra
   injury to most foes and up to half again as much damage against particularly
   susceptible opponents.
   It can also slow down cold-blooded creatures.
   It affects your intelligence (-4).
   It insulates you from electricity.
   It protects you from negative energy.
   It makes you more stealthy.
Armour
 d - a +5 shield of cold resistance (worn)
 l - a +2 pair of gloves (worn)
 y - the +1 crystal plate armour "Woqeq" {rC++ Str+2}
   (Okawaru gifted it to you on level 6 of the Lair of Beasts)

   It affects your strength (+2).
   It greatly protects you from cold.
 D - a +2 hat (worn)
 E - the scarf "Jarori Bakki" (worn) {Str+2 Dex+7}
   (Okawaru gifted it to you on level 2 of the Lair of Beasts)

   It affects your strength (+2).
   It affects your dexterity (+7).
 F - the +5 plate armour of Indomitability (worn) {Dex+5}
   (You found it on level 5 of the Vaults)

   It affects your dexterity (+5).
 O - the +2 pair of boots of Absence (worn) {Str+6}
   (Okawaru gifted it to you on level 2 of the Orcish Mines)

   It affects your strength (+6).
Jewellery
 k - an uncursed ring of protection from magic
 G - the amulet "Cyv Caol" (around neck) {+Blink rC+++ Regen+ MP-9 Int-2}
   (You found it in an ice cave)

   [amulet of regeneration]

   It affects your intelligence (-2).
   It renders you almost immune to cold.
   It affects your magic capacity (-9).
   It lets you blink.
   It increases your rate of regeneration.
 K - a +5 ring of dexterity {unknown}
 M - an uncursed ring of resist corrosion
 N - the ring "Ywiotisch" (right hand) {Fire Str+5}
   (You bought it in a shop on level 15 of the Dungeon)

   [ring of fire]

   It enhances your fire magic.
   It affects your strength (+5).
   It protects you from fire.
   It makes you vulnerable to cold.
 R - an uncursed ring of see invisible
 T - a +5 ring of evasion (left hand)
Wands
 I - a wand of scattershot (2/9)
Scrolls
 c - 4 scrolls of magic mapping
 e - 5 scrolls of fog
 g - 4 scrolls of identify
 n - 16 scrolls of teleportation
 o - 22 scrolls of remove curse
 p - 5 scrolls of blinking
 s - 7 scrolls of fear
 u - a scroll of enchant armour
 x - 12 scrolls of recharging
 z - 6 scrolls of amnesia
 A - 2 scrolls of silence
 Q - a scroll of holy word
Potions
 r - 16 potions of curing
 t - 3 potions of invisibility
 w - 7 potions of ambrosia
 B - 7 potions of magic
 C - 4 potions of haste
 H - a potion of might
 J - 2 potions of berserk rage
Books
 b - a book of Spatial Translocations

   Spells                             Type                      Level
   a - Blink                          Translocation                2
   b - Shroud of Golubria             Charms/Translocation         2
   c - Lesser Beckoning               Translocation                3
   d - Gell's Gravitas                Translocation                3
   e - Teleport Other                 Translocation                3
   f - Passage of Golubria            Translocation                4
 L - a book of the Earth

   Spells                             Type                      Level
   a - Leda's Liquefaction            Hexes/Earth                  4
   b - Bolt of Magma                  Conjuration/Fire/Earth       5
   c - Statue Form                    Transmutation/Earth          6
   d - Iron Shot                      Conjuration/Earth            6
   e - Shatter                        Earth                        9
Comestibles
 f - 22 bread rations
 h - 17 fruits
 i - 29 meat rations
 j - 24 royal jellies


   Skills:
 * Level 22.1 Fighting
 + Level 20.5 Maces & Flails
 * Level 20.7 Armour
 + Level 12.4 Dodging
 - Level 3.7 Stealth
 + Level 20.6 Shields


You had 16 spell levels left.
You knew the following spells:

 Your Spells              Type           Power        Failure   Level  Hunger
a - Animate Skeleton      Necr           N/A          77%         1    ##.....
b - Iron Shot             Conj/Erth      #.........   100%        6    #######


Dungeon Overview and Level Annotations

Branches:
Dungeon (15/15)            Temple (1/1) D:6            Lair (6/6) D:9
 Shoals (4/4) Lair:2        Snake (4/4) Lair:2        Slime (0/5) Lair:5
    Orc (2/2) D:10            Elf (3/3) Orc:2        Vaults (5/5) D:14
  Crypt (0/3) Vaults:2     Depths (0/5) D:15

Altars:
Ashenzari
Cheibriados
Elyvilon
Fedhas
Gozag
Hepliaklqana
Nemelex Xobeh
Okawaru
Ru
Sif Muna
Trog
Uskayaw
Vehumet
Wu Jian
Xom
Yredelemnul
Zin
The Shining One
Beogh
Jiyva

Shops:
D:7 ((?   D:15 =   Orc:2 ?%([%   Elf:1 *(   Elf:3 :((   Snake:1 }[?
Snake:2 =}=   Vaults:3 *   Vaults:5 =[


Innate Abilities, Weirdness & Mutations

You are resistant to torment.
Your stone body is resilient. (AC +17)
You are immune to poison.
Your large and strong wings let you fly indefinitely.
You resist negative energy. (rN+)
You are resistant to electric shocks. (rElec)
You can survive without breathing.
You are immune to petrification.
You are immune to rotting.
You have a pair of small antennae on your head.
You are agile. (Dex +2)
You tend to lose your temper in combat.
Scrolls take you a little longer to read.
Your muscles are strong. (Str +2)
[Your body sometimes deteriorates upon taking damage.]
[You are extremely frail. (-30% HP)]


Message History

The thrashing horror closely misses you.
You bludgeon the starcursed mass!!
You destroy the starcursed mass!
Okawaru accepts your kill.
You block the thrashing horror's attack. x2
A cacophony of accursed wailing tears at your sanity!
* * * LOW HITPOINT WARNING * * *
You suddenly lose the ability to move!
The starcursed mass engulfs you but does no damage.
The starcursed mass engulfs you.
* * * LOW HITPOINT WARNING * * *
The thrashing horror roars!
The thrashing horror tramples you but does no damage.
The thrashing horror tramples you.
* * * LOW HITPOINT WARNING * * *
You are shoved backwards!
The thrashing horror tramples you but does no damage. x2
The starcursed mass barely misses you. The thrashing horror tramples you.
You die...

. . . # . # . ..
. #... # . .
....#. # . . ...
# . ###. ....
... # .# ..
..##.# . .. # .
%..#..#. #. .###
.....X. ..#
###X## .
...#.....
.##XXX@# ...
......X..XX##
....
.X#....XX###
.....X......X.#
#
......XX.?....#$
.......#....# ..
.. .........# .
...........
..#.........#..


You could see 8 starcursed masses and a thrashing horror.

Vanquished Creatures
  Mara (Snake:4)
  An ancient lich (Vaults:4)
  2 golden dragons (Vaults:5)
  2 bone dragons (Abyss:2)
  The ghost of minmay the Warrior, an adept HuCK of Trog (Vaults:3)
  Nikola (Shoals:1)
  A tentacled monstrosity (Abyss:2)
  5 titans (Vaults:5)
  A kraken (Shoals:4)
  A deep elf blademaster (Elf:2)
  3 sphinxes
  2 tentacled starspawn (Abyss:3)
  A tengu reaver (Vaults:5)
  Roxanne (Shoals:1)
  7 nagarajas
  2 storm dragons
  4 shadow dragons
  Ilsuiw (Shoals:4)
  3 fire giants
  A daeva (Abyss:2)
  2 frost giants
  14 vault wardens
  Aizul (Shoals:4)
  An iron dragon (Vaults:5)
  An orc warlord (Vaults:4)
  12 deep elf sorcerers
  9 deep elf elementalists
  A draconian shifter (Abyss:2)
  4 entropy weavers
  3 war gargoyles
  15 ironheart preservers
  9 very ugly things
  A vampire knight (Vaults:2)
  17 stone giants
  8 deep elf annihilators
  6 deep elf demonologists
  2 green draconians (Abyss:2)
  11 small abominations
  8 merfolk javelineers (Shoals:4)
  2 fire dragons
  5 deep elf death magi
  An ettin (Vaults:4)
  2 great orbs of eyes
  A blizzard demon (Abyss:3)
  10 merfolk impalers
  Josephine (Snake:1)
  A deep elf high priest (Vaults:4)
  13 yaktaur captains
  2 green deaths (Snake:3)
  Fannar (Lair:3)
  Snorg (D:10)
  7 ice dragons
  37 vault guards
  Erolcha (Orc:1)
  Harold (Orc:1)
  4 merfolk avatars
  3 rakshasas
  17 naga warriors
  An alligator snapping turtle (Shoals:1)
  8 centaur warriors
  A catoblepas (Shoals:3)
  8 hydras
  2 death knights
  60 two-headed ogres
  8 anacondas
  2 satyrs
  7 merfolk aquamancers
  2 deep troll earth magi (Vaults:3)
  21 ogre magi
  7 shock serpents
  6 thrashing horrors (Abyss:2)
  2 deep troll shamans (Vaults:4)
  22 dancing weapons
  13 naga sharpshooters
  19 deep elf knights
  An unseen horror (Vaults:1)
  2 wretched stars (Abyss:2)
  2 skeletal warriors
  A shadow wraith (Vaults:1)
  A hell knight (Abyss:2)
  9 deep trolls
  21 sea snakes
  A ghost moth zombie (Abyss:3)
  4 flayed ghosts
  10 starcursed masses
  A glowing orange brain (Abyss:2)
  A shadow dragon zombie (Vaults:3)
  24 deep elf archers
  17 orc knights
  4 phantasmal warriors
  16 ironbrand convokers
  4 wizards
  An orb spider (shapeshifter) (Elf:1)
  13 naga ritualists
  6 mana vipers
  A harpy (shapeshifter) (Vaults:1)
  17 harpies
  5 necromancers
  The ghost of ProzacElf the Gusty, a novice NaAE (D:6)
  6 wolf spiders
  5 cyclopes
  9 salamanders
  A fire giant zombie (Abyss:3)
  3 orc sorcerers
  A cyclops (shapeshifter) (Vaults:2)
  A moth of wrath (shapeshifter) (Vaults:2)
  68 deep elf magi
  41 ugly things
  4 worldbinders (Abyss:2)
  10 fauns
  4 guardian serpents
  11 manticores
  7 merfolk sirens
  3 apocalypse crabs (Abyss:2)
  2 centaur zombies
  12 elephants (Lair:6)
  Joseph (D:7)
  3 water nymphs
  26 naga magi
  A stone giant skeleton (Vaults:3)
  43 black mambas
  17 vault sentinels
  2 ice statues (IceCv)
  A gargoyle (D:14)
  11 large abominations
  7 spiny frogs
  9 smoke demons
  5 rime drakes
  28 yaktaurs
  An efreet (Abyss:2)
  A rime drake (shapeshifter) (D:15)
  7 komodo dragons
  5 freezing wraiths
  2 ice devils (Lair:4)
  4 hellwings (Abyss:2)
  2 ancient zymes (Abyss:2)
  2 jumping spiders (Vaults:4)
  9 polar bears
  5 trolls
  29 merfolk
  2 tengu conjurers (D:14)
  A sphinx simulacrum (Vaults:2)
  10 hornets
  A hornet (shapeshifter) (Vaults:3)
  A raiju (Abyss:2)
  3 wind drakes (Shoals:4)
  4 dream sheep
  6 snapping turtles
  A blink frog (shapeshifter) (Vaults:4)
  30 blink frogs
  2 ettin zombies (Vaults:3)
  17 slime creatures
  A snapping turtle (shapeshifter) (Vaults:4)
  A dream sheep (shapeshifter) (Vaults:2)
  A meliai zombie (D:12)
  20 hippogriffs
  A flying skull (Abyss:2)
  4 redbacks (Vaults:4)
  6 wraiths
  14 spriggans (Lair:6)
  A shadow (D:14)
  4 air elementals
  11 water elementals
  2 wyverns
  A ynoxinul (Abyss:2)
  20 yaks
  A tarantella (Vaults:4)
  4 fire elementals
  A human (D:14)
  A chaos spawn (Abyss:2)
  A basilisk (shapeshifter) (Vaults:3)
  5 basilisks
  4 neqoxecs (Abyss:2)
  A hungry ghost (D:14)
  A yaktaur simulacrum (Vaults:1)
  7 wargs
  10 insubstantial wisps (Abyss:2)
  69 nagas
  2 soldier ants
  A soldier ant (shapeshifter) (Vaults:1)
  A swamp worm (shapeshifter) (Vaults:5)
  11 porcupines
  An acid dragon (Vaults:2)
  13 water moccasins
  42 orc warriors
  6 sky beasts
  16 ice beasts
  5 phantoms
  16 black bears
  A black bear (shapeshifter) (Vaults:4)
  A necrophage (D:10)
  7 boggarts
  A human zombie (Vaults:3)
  20 wolves
  49 ogres
  3 centaurs
  A human skeleton (Vaults:3)
  15 crocodiles
  3 big kobolds
  9 bullfrogs
  An earth elemental (Abyss:2)
  A gnoll sergeant (D:10)
  3 scorpions
  2 human simulacra
  2 vampire bats (D:4)
  6 killer bees
  A snapping turtle simulacrum (Abyss:2)
  29 wights
  An electric eel (Lair:2)
  13 howler monkeys
  5 crimson imps
  A bullfrog zombie (D:13)
  3 quasits
  15 orc priests
  5 jellies
  5 hounds
  32 orc wizards
  4 bullfrog skeletons
  9 centaur skeletons
  An iron imp (Abyss:2)
  Jessica (D:3)
  11 worker ants
  5 iguanas
  A killer bee zombie (D:5)
  3 hound zombies
  3 worker ant zombies
  19 adders
  9 gnolls
  4 shadow imps
  2 white imps
  2 ufetubi
  4 oozes
  An adder skeleton (D:8)
  A worm (shapeshifter) (Vaults:2)
  3 worms
  2 dart slugs
  3 leopard geckos
  87 orcs
  2 ball pythons
  2 giant cockroaches
  10 goblins
  3 hobgoblins
  18 jackals
  39 kobolds
  5 quokkas
  11 bats
  6 frilled lizards
  A jackal skeleton (D:7)
  A jackal zombie (D:7)
  A quokka zombie (D:7)
  9 rats
  A crawling corpse (Vaults:5)
  A lurking horror (Abyss:2)
  A plant (Shoals:4)
  2 starspawn tentacles (Abyss:3)
  2 tentacles (Shoals:4)
  A withered plant (Shoals:3)
1947 creatures vanquished.

Vanquished Creatures (others)
  A deep elf blademaster (Elf:3)
  A fire giant (Vaults:4)
  An ironheart preserver (Vaults:4)
  A sea snake (Shoals:1)
  A deep elf archer (Elf:3)
  2 deep elf magi
  An acid dragon (Vaults:1)
  2 orc priests (Vaults:5)
  2 orc wizards
  2 orcs
  10 fungi
  8 plants
  6 starspawn tentacles (Abyss:3)
  3 tentacles (Shoals:4)
41 creatures vanquished.

Grand Total: 1988 creatures vanquished

Notes
Turn   | Place    | Note
-------+----------+-------------------------------------------
     0 | D:1      | JeffiDaFish the Gargoyle Fighter began the quest for the Orb.
     0 | D:1      | Reached XP level 1. HP: 14/14 MP: 1/1
   376 | D:1      | Reached XP level 2. HP: 19/19 MP: 2/2
   862 | D:1      | Reached XP level 3. HP: 20/23 MP: 3/3
  1355 | D:2      | Reached XP level 4. HP: 24/29 MP: 4/4
  1465 | D:2      | Found a hazy altar of Hepliaklqana.
  2035 | D:3      | Noticed Jessica
  2070 | D:3      | Killed Jessica
  2070 | D:3      | Reached XP level 5. HP: 14/33 MP: 5/5
  2259 | D:3      | Gained mutation: Your muscles are strong. (Str +2) [potion of mutation]
  2259 | D:3      | Gained mutation: Your large and strong wings let you fly indefinitely. [potion of mutation]
  2259 | D:3      | Gained mutation: You have a pair of small antennae on your head. [potion of mutation]
  2259 | D:3      | Gained mutation: You are agile. (Dex +2) [potion of mutation]
  2477 | D:3      | Noticed a sky beast
  2489 | D:3      | Killed a sky beast
  2489 | D:3      | Reached skill level 4 in Fighting
  2489 | D:3      | Reached skill level 1 in Dodging
  2489 | D:3      | Reached XP level 6. HP: 36/38 MP: 6/6
  2861 | D:4      | Reached skill level 5 in Shields
  2895 | D:4      | Reached XP level 7. HP: 44/44 MP: 7/7
  3321 | D:5      | Entered Level 5 of the Dungeon
  3382 | D:5      | Reached skill level 5 in Fighting
  3382 | D:5      | Reached skill level 5 in Maces & Flails
  3859 | D:5      | Reached XP level 8. HP: 49/49 MP: 8/8
  4189 | D:5      | Found a glowing golden altar of the Shining One.
  4385 | D:5      | Found an ornate altar of the Wu Jian Council.
  4452 | D:6      | Noticed ProzacElf's ghost (novice NaAE)
  4457 | D:5      | Reached skill level 5 in Armour
  5202 | D:6      | Killed ProzacElf's ghost
  5202 | D:6      | Reached XP level 9. HP: 51/55 MP: 9/9
  5266 | D:6      | Found a staircase to the Ecumenical Temple.
  5290 | D:6      | Reached skill level 1 in Stealth
  5298 | Temple   | Entered the Ecumenical Temple
  5356 | Temple   | Became a worshipper of Warmaster Okawaru
  5709 | D:7      | Reached skill level 6 in Fighting
  5887 | D:7      | Found Qehyri Ycvo's Antique Weapon Shop.
  5932 | D:7      | Found a deep blue altar of Sif Muna.
  5995 | D:7      | Noticed Joseph
  6033 | D:7      | Killed Joseph
  6172 | D:7      | Found a hide-covered altar of Uskayaw.
  6172 | D:7      | Found a bloodstained altar of Trog.
  6254 | D:7      | Reached * piety under Okawaru
  6350 | D:7      | Identified the +2 plate armour "Lennigiolu" {*Drain +Inv rC++ Regen+} (You found it on level 7 of the Dungeon)
  6521 | D:7      | Found Wit Bupi's Magic Scroll Emporium.
  6530 | D:7      | Learned a level 1 spell: Animate Skeleton
  6541 | D:7      | Bought a scroll of brand weapon for 280 gold pieces
  6595 | D:7      | Found Vefi's Weapon Boutique.
  6830 | D:8      | Reached XP level 10. HP: 61/61 MP: 10/10
  6989 | D:8      | Reached ** piety under Okawaru
  7023 | D:8      | Reached skill level 7 in Fighting
  7452 | D:9      | Found a snail-covered altar of Cheibriados.
  7553 | D:9      | Found a staircase to the Lair.
  7594 | D:9      | Reached skill level 10 in Maces & Flails
  7616 | D:9      | Noticed a two-headed ogre
  7626 | D:9      | Killed a two-headed ogre
  7626 | D:9      | Reached *** piety under Okawaru
  7651 | D:9      | Identified the +8 chain mail "Zybugy" {Str+6} (You found it on level 9 of the Dungeon)
  7694 | D:9      | Noticed a two-headed ogre
  7714 | D:9      | Killed a two-headed ogre
  7714 | D:9      | Reached skill level 8 in Fighting
  7714 | D:9      | Reached XP level 11. HP: 68/68 MP: 11/11
  7769 | D:9      | Found a flagged portal.
  7784 | Bailey   | Entered a bailey
  7889 | Bailey   | Found a bloodstained altar of Trog.
  8489 | Lair:1   | Entered Level 1 of the Lair of Beasts
  8587 | Lair:1   | Reached **** piety under Okawaru
  9056 | Lair:2   | Reached skill level 10 in Shields
  9066 | Lair:2   | Found a staircase to the Snake Pit.
  9176 | Lair:2   | Reached ***** piety under Okawaru
  9215 | Lair:2   | Received a gift from Okawaru
  9366 | Lair:2   | Noticed a seven-headed hydra
  9374 | Lair:2   | Killed a seven-headed hydra
  9426 | Lair:2   | Reached XP level 12. HP: 75/75 MP: 12/12
  9502 | Lair:2   | Received a gift from Okawaru
  9502 | Lair:2   | Reached skill level 9 in Fighting
  9509 | Lair:2   | Got a crude scarf {god gift}
  9520 | Lair:2   | Identified the scarf "Jarori Bakki" {Str+2 Dex+7} (Okawaru gifted it to you on level 2 of the Lair of Beasts)
  9586 | Lair:2   | Found a staircase to the Shoals.
  9933 | Lair:3   | Noticed Fannar
  9958 | Lair:3   | Killed Fannar
 10377 | Lair:3   | Reached ****** piety under Okawaru
 10916 | Lair:4   | Found a frozen archway.
 10948 | IceCv    | Entered an ice cave
 11206 | IceCv    | Reached skill level 10 in Fighting
 11390 | IceCv    | Noticed an ice dragon
 11391 | IceCv    | Noticed an ice dragon
 11430 | IceCv    | Killed an ice dragon
 11430 | IceCv    | Received a gift from Okawaru
 11430 | IceCv    | Reached XP level 13. HP: 82/82 MP: 13/13
 11470 | IceCv    | Killed an ice dragon
 11545 | IceCv    | Got a glittering amber ring
 11549 | IceCv    | Got a vibrating ruby amulet
 11551 | IceCv    | Identified the amulet "Cyv Caol" {+Blink rC+++ Regen+ MP-9 Int-2} (You found it in an ice cave)
 11552 | IceCv    | Identified the cursed ring of Lasenic {+Blink Int-6} (You found it in an ice cave)
 12656 | Lair:5   | Found a runed door.
 12662 | Lair:5   | Found a viscous altar of Jiyva.
 12663 | Lair:5   | Found a staircase to the Slime Pits.
 12956 | Lair:6   | Entered Level 6 of the Lair of Beasts
 13104 | Lair:6   | Received a gift from Okawaru
 13169 | Lair:6   | Reached skill level 11 in Fighting
 13182 | Lair:6   | Reached skill level 15 in Maces & Flails
 13284 | Lair:6   | Mutation became permanent: Your large and strong wings let you fly indefinitely. [Gargoyle growth]
 13284 | Lair:6   | Gained mutation: Your large and strong wings let you fly indefinitely. [Gargoyle growth]
 13284 | Lair:6   | Reached XP level 14. HP: 49/90 MP: 5/14
 13471 | Lair:6   | Received a gift from Okawaru
 13544 | Lair:6   | Got a bloodstained crystal plate armour {god gift}
 13555 | Lair:6   | Identified the +1 crystal plate armour "Woqeq" {rC++ Str+2} (Okawaru gifted it to you on level 6 of the Lair of Beasts)
 14196 | Lair:6   | Identified the Volume of the Boosting Compass
 14535 | D:10     | Entered Level 10 of the Dungeon
 14669 | D:10     | Found a roughly hewn altar of Beogh.
 14719 | D:10     | Found a staircase to the Orcish Mines.
 15237 | D:10     | Noticed Snorg
 15257 | D:10     | Killed Snorg
 17316 | D:14     | Reached skill level 12 in Fighting
 17401 | D:14     | Reached XP level 15. HP: 96/96 MP: 6/15
 17507 | D:14     | Found a gate to the Vaults.
 17515 | D:14     | Received a gift from Okawaru
 18013 | D:15     | Entered Level 15 of the Dungeon
 18205 | D:15     | Identified a scroll of acquirement
 18206 | D:15     | Got a steaming hat
 18217 | D:15     | Identified the +0 hat "Ivih" {Int+3} (You acquired it on level 15 of the Dungeon)
 18472 | D:15     | Found Asat's Jewellery Shoppe.
 18489 | D:15     | Bought the ring "Ywiotisch" {Fire Str+5} for 637 gold pieces
 18507 | D:15     | Reached skill level 15 in Shields
 18794 | D:15     | Found a staircase to the Depths.
 18807 | D:15     | Reached skill level 5 in Dodging
 18908 | D:15     | Upgraded the game from 0.20-a0-1074-g6a0a8e1 to 0.20-a0-1078-g4874019
 19038 | Orc:1    | Entered Level 1 of the Orcish Mines
 19044 | Orc:1    | Noticed Harold
 19053 | Orc:1    | Killed Harold
 19288 | Orc:1    | Noticed Erolcha
 19296 | Orc:1    | Killed Erolcha
 19461 | Orc:2    | Entered Level 2 of the Orcish Mines
 19476 | Orc:2    | Found Touwat's Food Shop.
 19481 | Orc:2    | Found a staircase to the Elven Halls.
 19615 | Orc:2    | Reached skill level 13 in Fighting
 19654 | Orc:2    | Received a gift from Okawaru
 19654 | Orc:2    | Reached skill level 10 in Armour
 19726 | Orc:2    | Got a pair of faintly humming boots {god gift}
 19737 | Orc:2    | Identified the +2 pair of boots of Absence {Str+6} (Okawaru gifted it to you on level 2 of the Orcish Mines)
 19750 | Orc:2    | Found a radiant altar of Vehumet.
 19967 | Orc:2    | Found Siudew's Weapon Shoppe.
 19967 | Orc:2    | Found Sofomn's Magic Scroll Shop.
 19968 | Orc:2    | Found Gulucuofyu's Antique Armour Boutique.
 19968 | Orc:2    | Found Voguxtoc's Food Shoppe.
 20448 | Shoals:1 | Entered Level 1 of the Shoals
 20448 | Shoals:1 | Noticed Roxanne
 20473 | Shoals:1 | Killed Roxanne
 20473 | Shoals:1 | Reached XP level 16. HP: 104/104 MP: 7/16
 20612 | Shoals:1 | Noticed Nikola
 20638 | Shoals:1 | Killed Nikola
 20968 | Shoals:1 | Learned a level 6 spell: Iron Shot
 21178 | Shoals:1 | Received a gift from Okawaru
 21384 | Shoals:2 | Reached skill level 14 in Fighting
 23078 | Shoals:4 | Entered Level 4 of the Shoals
 23296 | Shoals:4 | Noticed Ilsuiw
 23309 | Shoals:4 | Killed Ilsuiw
 23309 | Shoals:4 | Reached XP level 17. HP: 112/112 MP: 8/17
 23316 | Shoals:4 | Received a gift from Okawaru
 23359 | Shoals:4 | Noticed Aizul
 23379 | Shoals:4 | Killed Aizul
 23573 | Shoals:4 | Received a gift from Okawaru
 23676 | Shoals:4 | Reached skill level 15 in Fighting
 23766 | Shoals:4 | Got a barnacled rune of Zot
 24205 | Shoals:4 | Noticed a kraken
 24222 | Shoals:4 | Killed a kraken
 24521 | Snake:1  | Entered Level 1 of the Snake Pit
 24523 | Snake:1  | Found Ycienien's Gadget Shop.
 24618 | Snake:1  | Received a gift from Okawaru
 24619 | Snake:1  | Noticed Josephine
 24629 | Snake:1  | Killed Josephine
 24869 | Snake:1  | Reached XP level 18. HP: 120/120 MP: 9/18
 25072 | Snake:1  | Found Udiviw's Magic Scroll Shop.
 25085 | Snake:1  | Bought a scroll of enchant armour for 90 gold pieces
 25347 | Snake:1  | Found Loaga's Antique Armour Shop.
 25581 | Snake:2  | Reached skill level 16 in Fighting
 25709 | Snake:2  | Received a gift from Okawaru
 26127 | Snake:2  | Found Weerrucw's Gadget Emporium.
 26128 | Snake:2  | Found Asmib's Jewellery Boutique.
 26128 | Snake:2  | Found Alycla Lokk's Jewellery Boutique.
 26264 | Snake:3  | Found a runed door.
 26569 | Snake:3  | Received a gift from Okawaru
 26578 | Snake:3  | Got a warped eveningstar {god gift}
 26579 | Snake:3  | Identified the +8 eveningstar of Popular Demand {freeze, rElec rN+ Int-4 Stlth+} (Okawaru gifted it to you on level 3 of the Snake Pit)
 26898 | Snake:4  | Entered Level 4 of the Snake Pit
 27257 | Snake:4  | Noticed Mara
 27266 | Snake:4  | Noticed JeffiDaFish's illusion
 27337 | Snake:4  | Noticed JeffiDaFish's illusion
 27426 | Snake:4  | Noticed JeffiDaFish's illusion
 27451 | Snake:4  | Killed Mara
 27451 | Snake:4  | Received a gift from Okawaru
 27451 | Snake:4  | Reached XP level 19. HP: 110/127 MP: 10/19
 27686 | Snake:4  | Reached skill level 17 in Fighting
 27862 | Snake:4  | Reached skill level 15 in Armour
 27958 | Snake:4  | Got a serpentine rune of Zot
 28407 | Vaults:1 | Entered Level 1 of the Vaults
 28611 | Vaults:1 | Received a gift from Okawaru
 29055 | Vaults:1 | Received a gift from Okawaru
 29121 | Vaults:1 | Reached XP level 20. HP: 136/136 MP: 11/20
 29555 | Vaults:1 | Reached skill level 18 in Fighting
 30284 | Vaults:2 | Received a gift from Okawaru
 30996 | Vaults:2 | Paralysed by a vampire knight for 6 turns
 31184 | Vaults:2 | Found a staircase to the Crypt.
 31266 | Vaults:2 | Received a gift from Okawaru
 31340 | Vaults:2 | Got a pair of transparent gloves {god gift}
 31351 | Vaults:2 | Identified the +0 pair of gloves of the Slorg {*Slow Int+5} (Okawaru gifted it to you on level 2 of the Vaults)
 31718 | Vaults:1 | Reached XP level 21. HP: 143/143 MP: 12/21
 32124 | Vaults:3 | Noticed minmay's ghost (adept HuCK)
 32185 | Vaults:3 | Killed minmay's ghost
 32192 | Vaults:3 | Reached skill level 19 in Fighting
 32450 | Vaults:3 | Reached skill level 10 in Dodging
 32945 | Vaults:3 | Received a gift from Okawaru
 33316 | Vaults:3 | Found Xuam Zesa's General Store.
 34559 | Vaults:4 | Reached XP level 22. HP: 152/152 MP: 13/22
 34674 | Vaults:4 | Received a gift from Okawaru
 34862 | Vaults:4 | Reached skill level 20 in Fighting
 35291 | Vaults:5 | Entered Level 5 of the Vaults
 35578 | Vaults:5 | Noticed a golden dragon
 35593 | Vaults:5 | Killed a golden dragon
 35624 | Vaults:4 | Received a gift from Okawaru
 35640 | Vaults:4 | Got a pair of faintly glowing gloves {god gift}
 35651 | Vaults:4 | Identified the +1 pair of gloves of Sunlight {rCorr Str+6 Int-4 Dex-3} (Okawaru gifted it to you on level 4 of the Vaults)
 35993 | Vaults:5 | Identified the Tome of Orientation
 36001 | Vaults:5 | Noticed an ancient lich
 36237 | Vaults:4 | Killed an ancient lich
 36777 | Vaults:4 | Reached XP level 23. HP: 154/158 MP: 14/23
 36884 | Vaults:5 | Received a gift from Okawaru
 37322 | Vaults:5 | Cast into level 2 of the Abyss (a deep elf sorcerer)
 37556 | Abyss:2  | Paralysed by you for 5 turns
 37583 | Abyss:2  | Reached skill level 21 in Fighting
 37617 | Vaults:5 | Escaped the Abyss
 37866 | Vaults:5 | Cast into level 2 of the Abyss (a deep elf demonologist)
 37871 | Abyss:2  | Found a corrupted altar of Lugonu.
 37934 | Abyss:2  | Received a gift from Okawaru
 38031 | Abyss:2  | Found a corrupted altar of Lugonu.
 38114 | Vaults:5 | Escaped the Abyss
 38352 | Vaults:5 | Identified the Reference Book on Talismans
 38531 | Vaults:5 | Noticed a golden dragon
 38545 | Vaults:5 | Killed a golden dragon
 38555 | Vaults:5 | Received a gift from Okawaru
 38579 | Vaults:5 | Got a slimy eveningstar {god gift}
 38581 | Vaults:5 | Identified the +5 eveningstar of the Viper {antimagic, Fragile rPois Str+2} (Okawaru gifted it to you on level 5 of the Vaults)
 38752 | Vaults:5 | Got a silver rune of Zot
 38851 | Vaults:5 | Got a bronze plate armour
 38862 | Vaults:5 | Identified the +5 plate armour of Indomitability {Dex+5} (You found it on level 5 of the Vaults)
 39156 | Vaults:5 | Found Lomi's Jewellery Shoppe.
 39158 | Vaults:5 | Found Qorelira's Antique Armour Shop.
 39631 | Elf:1    | Entered Level 1 of the Elven Halls
 39684 | Elf:1    | Got a steaming morningstar
 39903 | Elf:1    | Found a flickering gateway to a bazaar.
 39940 | Bazaar   | Entered a bazaar
 39944 | Bazaar   | Found Qokhlenamp's Jewellery Boutique.
 39962 | Bazaar   | Found Melia's Antique Armour Emporium.
 39979 | Bazaar   | Found Jatseosh's Book Boutique.
 39996 | Bazaar   | Found Cylo Bif's Distillery.
 40110 | Elf:1    | Found Ritzerux's Assorted Antiques.
 40226 | Elf:1    | Found Liad's Antique Weapon Shoppe.
 40403 | Elf:1    | Identified the +5 morningstar of Tumult {freeze, -Tele +Inv rN+ Stlth+} (You acquired it on level 1 of the Elven Halls)
 40486 | Elf:1    | Reached XP level 24. HP: 166/166 MP: 14/23
 40843 | Elf:2    | Found a runed gate.
 40843 | Elf:2    | Found a runed gate.
 40843 | Elf:2    | Found a runed gate.
 41104 | Elf:2    | Received a gift from Okawaru
 41779 | Elf:3    | Entered Level 3 of the Elven Halls
 41884 | Elf:3    | Found Laobrist's Book Emporium.
 41927 | Elf:3    | Found Umiedgh's Weapon Shoppe.
 41931 | Elf:3    | Found Wotaypnu's Antique Weapon Emporium.
 42023 | Elf:3    | Gained mutation: Scrolls take you a little longer to read. [a neqoxec]
 42136 | Elf:3    | Received a gift from Okawaru
 42195 | Elf:3    | Cast into level 2 of the Abyss (a deep elf sorcerer)
 42642 | Elf:3    | Escaped the Abyss
 42682 | Elf:3    | Reached skill level 22 in Fighting
 42686 | Elf:3    | Cast into level 3 of the Abyss (a deep elf sorcerer)
 42927 | Elf:3    | Escaped the Abyss
 43154 | Elf:3    | Cast into level 2 of the Abyss (a deep elf sorcerer)
 43169 | Abyss:2  | Gained mutation: You tend to lose your temper in combat. [a neqoxec]
 43337 | Abyss:2  | Gained mutation: [You are extremely frail. (-30% HP)] [a neqoxec]
 43350 | Abyss:2  | Paralysed by accursed screaming for 2 turns
 43354 | Abyss:2  | Paralysed by accursed screaming for 2 turns
 43362 | Abyss:2  | Paralysed by accursed screaming for 1 turns
 43364 | Abyss:2  | HP: 3/117 [starcursed mass/accursed screaming (15)]
 43368 | Abyss:2  | Paralysed by accursed screaming for 2 turns
 43369 | Abyss:2  | HP: 2/117 [thrashing horror (1)]
 43370 | Abyss:2  | Slain by a thrashing horror

Vault maps used:
D:1:      nagdon_arrival_zigzag_paths, roderic_aztec_sauvastika
D:2:      minmay_door_path, lemuel_round_altar
D:3:      lemuel_upstairs_altar, first_bread, uniq_jessica
D:4:      minmay_guarded_unrand_vampires_tooth
D:5:      kb_forest_paths, nicolae_overflow_hidden_temple,
          nicolae_overflow_crystal_walls
D:6:      minmay_temple_entry_statues_pillars, hangedman_decor_opposing,
          nrook_mini_vaults, serial_bayou_lagoon_a, minivault_24, minivault_27
D:7:      gammafunk_temple_overflow_wave, lemuel_blue_sif_altar, serial_shops,
          nicolae_shop_temple_entry_statues_fountains, kennysheep_little_box,
          kennysheep_mini_moat, minmay_misc_feat_more_columns, uniq_joseph
D:8:      minmay_flawed_box
D:9:      cheibriados_altar_1, due_lair_maze_entry_diamond,
          lightli_bailey_entry_fortress
D:10:     david_orc_5, uniq_snorg
D:14:     grunt_vaults_entry_fortified, minmay_misc_feat_diagonals
D:15:     grunt_enter_depths_snipers, serial_shops, shop,
          nicolae_twisting_strands
Temple:   regret_index_temple_waves
Lair:1:   st_stairs_8, grunt_megastairs_1
Lair:2:   beast_lair_carwin_large_4, elwin_shoals_entry_rooms,
          dummy_snake_entry, small_statue_intersection
Lair:3:   uniq_fannar
Lair:4:   portal_ice_cave_demonic_guard
Lair:5:   slime_altar_2
Lair:6:   minmay_lair_end_enchanted_forest, serial_bayou_pond_e
Shoals:1: cheibrodos_shoals_three_sisters, uniq_roxanne, uniq_nikola
Shoals:3: argonaut_gorgonesque
Shoals:4: shoals_end_simple, shoals_ilsuiw_ice, uniq_aizul
Snake:1:  nicolae_snake_hallway, serial_shops, shop, nicolae_shop_trees,
          shop_statue, lemuel_fruit_tree, uniq_josephine
Snake:2:  spider_trap, minmay_shop_grove, grunt_megastairs_3
Snake:3:  cheibrodos_toxic_ritual
Snake:4:  minmay_snake_end_coiled, nicolae_snake_serpentine_hallways,
          grunt_ministairs_7, serial_bayou_pond_b, uniq_mara
Orc:1:    uniq_harold, uniq_erolcha
Orc:2:    st_orc_ogre_mass, serial_shops, shop, basic_altar
Elf:1:    minmay_elf_arrival_plus, serial_shops, bzr_entry_islet,
          nicolae_shop_waterfront, shop, evilmike_minifort
Elf:3:    minmay_elf_hall_x, guppyfry_elf_castle, minmay_shop_star
Vaults:1: v_alt_pattern_2, hangedman_vaults_hat, hangedman_vaults_stream,
          nicolae_vaults_big_ls, nicolae_vaults_rhombus_7,
          nicolae_vaults_sealed_display, nicolae_vaults_network_periphery,
          v_misc_15
Vaults:2: nicolae_vaults_c_with_doors, vaults_room_octagon, vaults_room_pools,
          serial_ice_b, vaults_mumra_minichess_inversion,
          vaults_mumra_minichess, v_misc_1, v_rooms_6,
          nicolae_vaults_diagonal_hallway_6, v_misc_29,
          minmay_crypt_entry_simple_round, vaults_mumra_hex, v_misc_24,
          nicolae_vaults_ring_of_whatevers, ontoclasm_vaults_ligature
Vaults:3: vaults_dpeg_diagonal, ontoclasm_vaults_spin,
          nicolae_vaults_little_squares_1, v_alt_pattern_2,
          ontoclasm_vaults_pinch, v_misc_9, nicolae_vaults_mini_display_case,
          ontoclasm_vaults_bender, v_misc_17, v_misc_19,
          ontoclasm_vaults_loading_screen, vaults_dpeg_ring, serial_shops,
          shop_statue
Vaults:4: ontoclasm_vaults_claustrophobia, vaults_dpeg_cross,
          nicolae_vaults_alarming, v_misc_16, v_rooms_2,
          nicolae_vaults_little_squares_4, ontoclasm_vaults_decontamination,
          hangedman_vaults_maws, nicolae_vaults_hallways_thing, v_pattern_5,
          nicolae_vaults_rhombus_6, ontoclasm_vaults_chip
Abyss:2:  hangedman_abyss_river_spirits, hangedman_abyss_or_decor_stabs
Bazaar:   bazaar_jpeg_circle_common
Bailey:   bailey_axe_3, bailey
IceCv:    ice_cave_small_dragons

Skill      XL: |  1  2  3  4  5  6  7  8  9 10 11 12 13 14 15 16 17 18 19 20 21 22 23 24 |
---------------+-------------------------------------------------------------------------+-----
Shields        | 4 5 6 8 9 10 12 13 14 15 16 17 18 19 20 | 20.6
Maces & Flails | 3 4 5 7 9 10 12 13 15 16 17 18 19 20 | 20.5
Armour         | 4 5 6 7 8 9 10 11 13 14 15 16 17 18 19 20 | 20.7
Fighting       | 4 5 6 8 10 11 12 13 14 15 16 17 18 19 20 21 22 | 22.1
Dodging        | 1 2 3 4 5 6 7 8 9 10 11 12 | 12.4
Stealth        | 1 2 3 |  3.7

Action                   |  1- 3 |  4- 6 |  7- 9 | 10-12 | 13-15 | 16-18 | 19-21 | 22-24 || total
-------------------------+-------+-------+-------+-------+-------+-------+-------+-------++-------
Melee: Flail             |   146 |   273 |     7 |       |       |       |       |       ||   426
       Mace              |       |       |   207 |       |       |       |       |       ||   207
       Morningstar       |       |       |   214 |   762 |  1439 |  1640 |  1964 |  2064 ||  8083
 Abil: Fly               |       |       |     1 |       |       |       |       |     1 ||     2
       Stop Flying       |       |       |       |       |       |       |       |     1 ||     1
  Use: Potion            |     2 |     4 |     4 |     3 |     1 |     3 |     1 |     3 ||    21
       Scroll            |     2 |     6 |    11 |    10 |    13 |     9 |     8 |    11 ||    70
 Stab: Invisible         |       |       |       |       |     3 |       |       |       ||     3
       Confused          |       |       |       |       |     4 |       |       |       ||     4
       Petrifying        |       |       |       |       |       |       |       |     1 ||     1
  Eat: Chunk             |    10 |    15 |    13 |    16 |    24 |    21 |    25 |    30 ||   154
       Royal jelly       |       |       |       |       |       |     1 |     1 |       ||     2
       Fruit             |       |       |       |       |       |       |       |     1 ||     1
Armor: Scale mail        |    73 |       |       |       |       |       |       |       ||    73
       Chain mail        |       |   189 |   224 |   279 |   542 |   580 |   672 |   375 ||  2861
       Plate armour      |       |       |   130 |   156 |       |       |       |   250 ||   536
       Crystal plate arm |       |       |       |       |     7 |       |       |       ||     7
Dodge: Dodged            |    31 |    62 |   132 |   208 |   405 |   563 |   758 |  1047 ||  3206
Block: Shield            |    72 |   189 |   361 |   540 |  1137 |  1860 |  2123 |  2231 ||  8513
